 Dungeon Sprint DCSS version 0.26-a0-649-gf8c6c3aab7 (webtiles) character file.

Game seed: 7823589450573499627

22197 TerrariaFan the Shatterer (level 12, -19/118 HPs)
             Began as a Minotaur Fighter on Sept 26, 2020.
             Was the Champion of Qazlal.
             Killed from afar by a fire giant (50 damage)
             ... with a fireball
             ... in the Dungeon (Sprint IX: "|||||||||||||||||||||||||||||").
             The game lasted 00:04:43 (2957 turns).

TerrariaFan the Shatterer (Minotaur Fighter)        Turns: 2957, Time: 00:04:43

Health: -19/118    AC: 19    Str: 25    XL:     12   Next: 60%
Magic:  13/20      EV: 15    Int:  5    God:    Qazlal [******]
Gold:   1946       SH: 23    Dex: 11    Spells: 11/11 levels left

rFire    . . .     SeeInvis .   o - +2 morningstar (protect)
rCold    . . .     Faith    .   c - +0 kite shield
rNeg     . . .     Spirit   .   p - +2 ring mail
rPois    .         Reflect  .   (helmet restricted)
rElec    .         Harm     .   (no cloak)
rCorr    .         Rampage  .   (no gloves)
MR       .....     NoTele   +   (no boots)
Stlth    +.........             (no amulet)
HPRegen  0.29/turn              (no ring)
MPRegen  0.17/turn              (no ring)

@: protected from physical damage, protection aura, repel missiles
A: retaliatory headbutt, horns 2
a: Upheaval, Elemental Force, Disaster Area, Renounce Religion


You were in the Dungeon.
You worshipped Qazlal.
Qazlal was exalted by your worship.
You visited 1 branch You collected 1946 gold pieces.

Inventory:

Hand Weapons
 a - a +0 war axe
 o - a +2 morningstar of protection (weapon)
Armour
 b - a +0 scale mail
 c - a +0 kite shield (worn)
 p - a +2 ring mail (worn)
Jewellery
 q - a +2 ring of protection
 r - a +3 ring of strength
 v - an uncursed ring of poison resistance
 w - a +6 ring of intelligence
 x - an uncursed ring of protection from cold
Wands
 n - a wand of iceblast (20)
Scrolls
 j - 3 scrolls of blinking
 l - 3 scrolls of remove curse
 m - 2 scrolls of amnesia
 s - 3 scrolls of fog
 t - 2 scrolls of enchant armour
 u - a scroll of fear
 y - 2 scrolls of enchant weapon
 A - 2 scrolls of identify
Potions
 d - 2 potions of might
 e - 9 potions of curing
 f - 5 potions of heal wounds
 g - a potion of haste
 h - 4 potions of magic
 i - 3 potions of berserk rage
 k - a potion of invisibility
 z - a potion of resistance


   Skills:
 + Level 14.8 Fighting
 - Level 5.5(15.7) Axes
 * Level 21.8(22.0) Maces & Flails
 + Level 12.2 Armour
 + Level 7.6 Dodging
 + Level 2.5 Stealth
 + Level 16.6 Shields
 * Level 13.2 Invocations


You had 11 spell levels left.
You didn't know any spells.
Your spell library was empty.

Dungeon Overview and Level Annotations

Branches:
Dungeon (1/1)

Altars:
Cheibriados
Dithmenos
Elyvilon
Fedhas
Gozag
Hepliaklqana
Kikubaaqudgha
Makhleb
Nemelex Xobeh
Okawaru
Qazlal
Ru
Sif Muna
Trog
Uskayaw
Vehumet
Wu Jian
Xom
Yredelemnul
Zin
The Shining One
Beogh
Jiyva
Lugonu

Shops:
D (!*=


Innate Abilities, Weirdness & Mutations

You reflexively headbutt those who attack you in melee.
You have a pair of horns on your head.


Message History

The blast of magma engulfs the ogre mage!!!
The ogre mage is severely wounded.
The blast of magma engulfs the fire giant!
The fire giant partially resists.
The fire giant is moderately wounded.
The blast of ice hits the slime creature!!
You kill the slime creature!
Qazlal accepts your kill.
The cutting wind hits the ogre mage!
The ogre mage is almost dead.
Your protection from physical attacks is fading.
You block the fire giant's attack.
A stone giant comes into view.
Unknown command.
You impale the fire giant!!
You headbutt the fire giant, but do no damage.
The fire giant is severely wounded.
The fire giant gestures at you while chanting.
The fireball explodes!
The fireball engulfs you!!!
You die...

†.†.......†††......)!..'..[[[[..'
▓▓▓▓▓▓▓▓▓▓▓▓▓▓▓▓▓▓▓▓▓▓▓▓▓▓▓▓▓▓▓▓▓
.................................
▓▓▓▓▓▓▓▓▓▓▓▓▓▓▓▓▓▓▓▓▓▓▓▓▓▓▓▓▓▓▓▓▓
.[)...[..))).))∩.∩.∩)∩)....'.....
▓▓▓▓▓▓▓▓▓▓▓▓▓▓▓▓▓▓▓▓▓▓▓▓▓▓▓▓▓▓▓▓▓
.................................
▓▓▓▓▓▓▓▓▓▓▓▓▓▓▓▓▓▓▓▓▓▓▓▓▓▓▓▓▓▓▓▓▓
[.........≈≈[.≈.@CO..§.C
▓▓▓▓▓▓▓▓▓▓▓▓▓▓▓▓▓▓▓▓▓▓▓▓


You could see a fire giant, a stone giant and an ogre mage.

Vanquished Creatures
  Gastronok (D)
  A dire elephant (D)
  Josephine (D)
  A hydra (D)
  A centaur warrior (D)
  6 two-headed ogres (D)
  3 ogre magi (D)
  A deep troll earth mage (D)
  An unseen horror (D)
  2 orc knights (D)
  An orc sorcerer (D)
  7 elephants (D)
  A black mamba (D)
  3 cane toads (D)
  A kobold demonologist (D)
  A komodo dragon (D)
  A rime drake (D)
  A blink frog (D)
  A hippogriff (D)
  A slime creature (D)
  2 wyverns (D)
  4 wraiths (D)
  A basilisk (D)
  3 yaks (D)
  A basilisk (shapeshifter) (D)
  A water moccasin (D)
  2 ice beasts (D)
  10 orc warriors (D)
  2 porcupines (D)
  A sky beast (D)
  A phantom (D)
  A black bear (shapeshifter) (D)
  6 ogres (D)
  A wolf (D)
  4 centaurs (D)
  A crocodile (D)
  3 bullfrogs (D)
  4 orc wizards (D)
  5 orc priests (D)
  A white imp (D)
  A leopard gecko (D)
  5 orcs (D)
  3 bats (D)
  A bat zombie (D)
  A giant cockroach (D)
  A goblin (D)
  A kobold (D)
103 creatures vanquished.

Notes
Turn   | Place    | Note
-------+----------+-------------------------------------------
     0 | D        | TerrariaFan the Minotaur Fighter began the quest for the
                  | Orb.
     0 | D        | Reached XP level 1. HP: 19/19 MP: 0/0
    19 | D        | Noticed a centaur
    19 | D        | Noticed an orc wizard
    22 | D        | Killed a centaur
    22 | D        | Reached XP level 2. HP: 28/31 MP: 1/1
    22 | D        | Reached XP level 3. HP: 35/38 MP: 2/2
    22 | D        | Reached XP level 4. HP: 41/45 MP: 3/3
    24 | D        | Reached skill level 5 in Axes
   290 | D        | Found a roughly hewn altar of Beogh.
   290 | D        | Found a snail-covered altar of Cheibriados.
   290 | D        | Found a shadowy altar of Dithmenos.
   290 | D        | Found a white marble altar of Elyvilon.
   290 | D        | Found a blossoming altar of Fedhas.
   290 | D        | Found an opulent altar of Gozag.
   291 | D        | Found a hazy altar of Hepliaklqana.
   292 | D        | Found a viscous altar of Jiyva.
   293 | D        | Found an ancient bone altar of Kikubaaqudgha.
   294 | D        | Found a corrupted altar of Lugonu.
   295 | D        | Found a burning altar of Makhleb.
   296 | D        | Found a sparkling altar of Nemelex Xobeh.
   297 | D        | Found an iron altar of Okawaru.
   298 | D        | Found a stormy altar of Qazlal.
   299 | D        | Found a sacrificial altar of Ru.
   300 | D        | Found a shimmering blue altar of Sif Muna.
   301 | D        | Found a bloodstained altar of Trog.
   302 | D        | Found a hide-covered altar of Uskayaw.
   303 | D        | Found a radiant altar of Vehumet.
   304 | D        | Found an ornate altar of the Wu Jian Council.
   305 | D        | Found a shimmering altar of Xom.
   306 | D        | Became a worshipper of Qazlal Stormbringer
   307 | D        | Found a basalt altar of Yredelemnul.
   308 | D        | Found a glowing silver altar of Zin.
   309 | D        | Found a glowing golden altar of the Shining One.
   346 | D        | Noticed an ice beast
   346 | D        | Noticed a yak
   346 | D        | Noticed a bullfrog
   346 | D        | Noticed a centaur
   346 | D        | Noticed an ogre
   351 | D        | Killed an ice beast
   351 | D        | Reached skill level 3 in Maces & Flails
   351 | D        | Reached XP level 5. HP: 53/53 MP: 4/4
   353 | D        | Killed a yak
   353 | D        | Reached skill level 5 in Maces & Flails
   353 | D        | Reached skill level 1 in Dodging
   353 | D        | Reached XP level 6. HP: 62/62 MP: 5/5
   355 | D        | Reached * piety under Qazlal
   360 | D        | Reached skill level 6 in Maces & Flails
   362 | D        | Reached skill level 7 in Maces & Flails
   364 | D        | Reached ** piety under Qazlal
   364 | D        | Reached skill level 8 in Maces & Flails
   364 | D        | Reached skill level 10 in Shields
   364 | D        | Reached XP level 7. HP: 44/70 MP: 6/6
   489 | D        | Noticed a kobold demonologist
   489 | D        | Noticed a wyvern
   490 | D        | Noticed a red devil
   497 | D        | Noticed a smoke demon
   509 | D        | Killed a kobold demonologist
   509 | D        | Reached skill level 10 in Maces & Flails
   515 | D        | Reached skill level 11 in Maces & Flails
   520 | D        | Reached XP level 8. HP: 36/79 MP: 7/7
   524 | D        | Reached *** piety under Qazlal
   524 | D        | Reached skill level 10 in Fighting
   524 | D        | Reached skill level 12 in Maces & Flails
   805 | D        | Noticed Gastronok
   821 | D        | Killed Gastronok
   821 | D        | Reached skill level 16 in Maces & Flails
   821 | D        | Reached skill level 10 in Armour
   821 | D        | Reached XP level 9. HP: 67/86 MP: 4/11
   956 | D        | Noticed a six-headed hydra
   956 | D        | Noticed a cane toad
   956 | D        | Noticed a cane toad
   963 | D        | Killed a six-headed hydra
   963 | D        | Reached skill level 5 in Invocations
   966 | D        | Reached **** piety under Qazlal
   966 | D        | Noticed a komodo dragon
   972 | D        | Killed a cane toad
   972 | D        | Reached skill level 17 in Maces & Flails
   972 | D        | Reached XP level 10. HP: 47/96 MP: 8/13
  1017 | D        | Killed a cane toad
  1018 | D        | Reached ***** piety under Qazlal
  1521 | D        | Reached skill level 18 in Maces & Flails
  1529 | D        | Noticed a cane toad
  1536 | D        | Killed a cane toad
  1542 | D        | Noticed a black mamba
  1560 | D        | Killed a black mamba
  1560 | D        | Reached skill level 5 in Dodging
  1671 | D        | Noticed an elephant
  1671 | D        | Noticed a dire elephant
  1671 | D        | Noticed an elephant
  1671 | D        | Noticed an elephant
  1671 | D        | Noticed an elephant
  1671 | D        | Noticed an elephant
  1676 | D        | Noticed an elephant
  1682 | D        | Killed a dire elephant
  1682 | D        | Reached skill level 19 in Maces & Flails
  1682 | D        | Reached skill level 1 in Stealth
  1686 | D        | Killed an elephant
  1686 | D        | Reached ****** piety under Qazlal
  1686 | D        | Noticed an elephant
  1691 | D        | Killed an elephant
  1691 | D        | Reached XP level 11. HP: 93/105 MP: 11/15
  1855 | D        | Noticed an orc knight
  1873 | D        | Killed an orc knight
  1873 | D        | Reached skill level 20 in Maces & Flails
  2113 | D        | Noticed an orc knight
  2123 | D        | Noticed an orc sorcerer
  2138 | D        | Killed an orc knight
  2150 | D        | Killed an orc sorcerer
  2150 | D        | Reached skill level 15 in Shields
  2288 | D        | Found Fiesimu's Weapon Emporium.
  2288 | D        | Noticed an ogre mage
  2288 | D        | Noticed a two-headed ogre
  2288 | D        | Noticed a two-headed ogre
  2290 | D        | Killed a two-headed ogre
  2290 | D        | Killed an ogre mage
  2290 | D        | Reached skill level 10 in Invocations
  2290 | D        | Killed a two-headed ogre
  2290 | D        | Noticed an ogre mage
  2292 | D        | Noticed a two-headed ogre
  2293 | D        | Noticed a two-headed ogre
  2302 | D        | Killed an ogre mage
  2306 | D        | Killed a two-headed ogre
  2306 | D        | Reached XP level 12. HP: 117/117 MP: 5/19
  2309 | D        | Killed a two-headed ogre
  2309 | D        | Reached skill level 21 in Maces & Flails
  2317 | D        | Found Mufez's Distillery.
  2321 | D        | Found Samionax's Assorted Antiques.
  2324 | D        | Found Conoheco's Jewellery Shoppe.
  2327 | D        | Noticed a two-headed ogre
  2328 | D        | Noticed an ogre mage
  2333 | D        | Killed a two-headed ogre
  2340 | D        | Killed an ogre mage
  2562 | D        | Noticed Josephine
  2574 | D        | Killed Josephine
  2910 | D        | Noticed a two-headed ogre
  2911 | D        | Noticed a centaur warrior
  2914 | D        | Killed a two-headed ogre
  2919 | D        | Noticed a deep troll earth mage
  2934 | D        | Killed a centaur warrior
  2943 | D        | Killed a deep troll earth mage
  2947 | D        | Noticed a fire giant
  2951 | D        | Noticed an ogre mage
  2956 | D        | Noticed a stone giant
  2957 | D        | Killed from afar by a fire giant

Illustrated notes

Levels and vault maps discovered:
D:        linesprint [early_d, line_temple, items_1, d_10, items_2, lair_1,
          lair_end, items_3, orc_1, orc_end, items_4, d_15, swamp_1, shoals_1,
          snake_1, spider_1, d_20, vaults_1, items_5, swamp_end, shoals_end,
          snake_end, spider_end, vaults_end, d_27, items_6, zot_1, zot_end,
          crypt_end, forest_end, elf_end, slime_end, tomb_end, abyss_end,
          pan_hell_end]

Skill      XL: |  1  2  3  4  5  6  7  8  9 10 11 12 |
---------------+-------------------------------------+-----
Fighting       | 6 7 8 9 10 11 12 14 | 14.8
Armour         | 6 7 8 9 10 11 12 | 12.2
Shields        | 6 8 9 10 11 12 13 15 16 | 16.6
Axes           | 4 5 |  5.5
Maces & Flails | 3 5 8 11 16 17 19 20 21 | 21.8
Dodging        | 1 2 3 4 5 6 7 |  7.6
Invocations    | 4 5 7 11 13 | 13.2
Stealth        | 1 2 |  2.5

Action                   |  1- 3 |  4- 6 |  7- 9 | 10-12 || total
-------------------------+-------+-------+-------+-------++-------
Melee: War axe           |    12 |     9 |       |       ||    21
       Headbutt          |     2 |     9 |    14 |    59 ||    84
       Morningstar       |       |    18 |    67 |   247 ||   332
Invok: Upheaval          |       |       |     2 |     1 ||     3
       Disaster Area     |       |       |       |     8 ||     8
Armor: Scale mail        |     6 |     2 |       |       ||     8
       Ring mail         |       |     5 |    21 |    40 ||    66
Dodge: Dodged            |     5 |     4 |    12 |    36 ||    57
Block: Kite shield       |     9 |    15 |    43 |   147 ||   214

Table legend: (Time is in decaauts)
 A = Elapsed time spent in this place.
 B = Non-inter-level travel time spent in this place.
 C = Inter-level travel time spent in this place.
 D = Time resting spent in this place.
 E = Time spent auto-exploring this place.
 F = Levels seen in this place.
 G = Mean time per level.
                   A        B        C        D        E       F      G
               +--------+--------+--------+--------+--------+-----+--------+
         Total |   2923 |   2923 |      0 |   1782 |    452 |   1 | 2923.0 |
       Dungeon |   2923 |   2923 |      0 |   1782 |    452 |   1 | 2923.0 |
               +--------+--------+--------+--------+--------+-----+--------+

Top non-repeatable levels by time:
       D: 2923 daAuts
